Map: Pillars of Gold LE

Players

HellraiseR

  • Race: Protoss Protoss
  • League: Master
  • Spawn Location: 7:00

HeroMarine - Winner!

  • Race: Terran Terran
  • League: Grandmaster
  • Spawn Location: 1:00

Event: DreamHack SC2 Masters 2020 Winter

VOD

Have the link to the VOD?

Description

Time

  • Played on: Nov. 5, 2020, 10:07 a.m.
  • Length: 7:59

All games in this series

Show
View Real Time Build Order
Export as new Build Order

HellraiseR Protoss 

Build Orders: Oracle Opening, Phoenix Opening 

Get SALT Encoding   

  12  0:00  Probe  
  13  0:12  Probe  
  14  0:18  Pylon  
  14  0:24  Probe (Chrono Boost)  
  15  0:37  Gateway  
  15  0:38  Probe (Chrono Boost)  
  16  0:43  Probe (Chrono Boost)  
  16  0:46  Assimilator  
  17  0:52  Probe  
  17  0:55  Assimilator  
  18  1:04  Probe  
  19  1:16  Probe  
  20  1:24  Cybernetics Core  
  20  1:28  Pylon, Probe  
  21  1:51  Nexus  
  21  1:57  Adept (Chrono Boost)  
  23  2:02  Probe  
  24  2:14  Stargate  
  24  2:16  Probe  
  24  2:20  Warp Gate  
  25  2:27  Adept  
  27  2:30  Probe  
  28  2:42  Probe  
  28  2:43  Shield Battery  
  29  2:54  Probe (Chrono Boost)  
  30  3:02  Oracle (Chrono Boost)  
  34  3:07  Probe (Chrono Boost)  
  34  3:08  Probe (Chrono Boost)  
  35  3:14  Probe (Chrono Boost)  
  35  3:17  Probe (Chrono Boost)  
  37  3:21  Probe  
  38  3:27  Probe  
  38  3:32  Phoenix (Chrono Boost)  
  38  3:33  Probe  
  42  3:39  Probe  
  43  3:45  Probe  
  44  3:49  Nexus  
  44  3:54  Pylon  
  45  3:55  Probe  
  45  3:58  Probe  
  46  4:11  Phoenix (Chrono Boost)  
  46  4:16  Gateway x2  
  48  4:17  Probe  
  48  4:19  Probe  
  50  4:27  Pylon  
  50  4:28  Phoenix  
  50  4:29  Probe  
  54  4:31  Probe  
  54  4:40  Assimilator  
  54  4:45  Probe x2  
  56  4:47  Twilight Council  
  56  4:48  Forge  
  56  4:53  Phoenix (Chrono Boost)  
  56  4:57  Probe  
  59  5:01  Probe  
  59  5:02  Probe  
  59  5:04  Shield Battery  
  61  5:09  Charge (Chrono Boost), Probe  
  61  5:11  Phoenix (Chrono Boost), Protoss Ground Armor Level 1 (Chrono Boost)  
  61  5:13  Probe  
  65  5:14  Probe  
  67  5:21  Probe  
  67  5:25  Probe  
  67  5:26  Probe  
  69  5:33  Probe  
  69  5:34  Phoenix  
  72  5:37  Probe  
  72  5:40  Stalker  
  74  5:46  Gateway  
  74  5:49  Gateway  
  74  5:51  Gateway  
  74  5:52  Probe  
  74  5:53  Probe  
  74  5:55  Gateway  
  74  6:00  Gateway, Phoenix  
  74  6:03  Probe  
  77  6:08  Pylon  
  77  6:09  Pylon  
  77  6:12  Pylon  
  77  6:13  Pylon  
  77  6:19  Pylon  
  77  6:26  Phoenix, Probe x3  
  77  6:28  Zealot x3  
  88  6:37  Pylon  
  88  6:44  Sentry  
  88  6:45  Pylon, Zealot  
  92  6:49  Zealot x4  
  92  6:52  Zealot  
  104  6:58  Zealot  
  104  7:01  Pylon  
  103  7:10  Zealot x2  
  103  7:11  Zealot x4  
  110  7:16  Pylon  
  107  7:25  Probe  
  97  7:31  Zealot x3  
  97  7:32  Probe  
  97  7:33  Probe  
  77  7:51  Zealot x7  
Show
View Real Time Build Order
Export as new Build Order

HeroMarine Terran - Winner!

Build Orders:  

Get SALT Encoding   

  12  0:00  SCV  
  13  0:12  SCV  
  14  0:18  Supply Depot  
  14  0:24  SCV  
  15  0:40  SCV  
  15  0:41  Barracks  
  16  0:45  Refinery  
  16  0:52  SCV  
  17  1:04  SCV  
  18  1:16  SCV  
  19  1:27  Marine  
  19  1:28  Orbital Command  
  20  1:43  Command Center  
  20  1:46  Barracks Reactor  
  20  1:54  SCV  
  21  1:58  Supply Depot  
  21  2:06  SCV  
  22  2:13  Factory  
  22  2:18  SCV  
  22  2:21  Marine x2  
  25  2:28  Refinery  
  25  2:30  SCV  
  26  2:39  Marine x2  
  28  2:44  SCV  
  28  2:45  Bunker  
  29  2:56  SCV  
  29  2:58  Starport  
  30  3:07  Orbital Command  
  30  3:08  SCV  
  31  3:15  Widow Mine  
  31  3:17  Marine  
  31  3:18  Marine  
  34  3:21  SCV  
  35  3:32  SCV  
  35  3:33  SCV  
  37  3:36  Widow Mine, Medivac  
  37  3:39  Marine  
  37  3:40  Marine  
  43  3:44  Supply Depot  
  43  3:45  SCV  
  45  3:48  SCV  
  45  3:53  Supply Depot  
  45  3:58  SCV, Factory Tech Lab  
  46  4:06  Marine, Viking, SCV  
  50  4:10  SCV  
  51  4:17  Cyclone  
  51  4:18  SCV  
  51  4:20  Marine  
  51  4:22  SCV  
  51  4:24  Marine, Barracks  
  58  4:28  Supply Depot  
  58  4:30  SCV  
  59  4:34  SCV  
  60  4:38  Barracks  
  60  4:42  SCV  
  61  4:46  SCV  
  61  4:48  Engineering Bay  
  61  4:49  Siege Tank  
  65  4:52  Marine  
  65  4:53  Marine, Starport Tech Lab  
  65  4:55  SCV  
  65  4:58  SCV  
  69  5:03  Refinery  
  69  5:06  Supply Depot  
  69  5:07  SCV  
  69  5:13  Supply Depot  
  70  5:16  Terran Infantry Weapons Level 1  
  70  5:18  Stimpack  
  70  5:27  Marine x2, SCV x2, Starport Reactor  
  74  5:29  Marauder  
  74  5:30  Factory Reactor  
  74  5:32  Refinery  
  76  5:37  Combat Shield, Marauder  
  76  5:39  SCV x2  
  80  5:45  Marine x2  
  80  5:46  Supply Depot  
  82  5:50  Marauder  
  84  5:58  Supply Depot, Marauder  
  84  6:03  Marine x2  
  84  6:04  Missile Turret  
  86  6:07  Missile Turret, Medivac x2  
  86  6:08  Supply Depot  
  86  6:10  Widow Mine  
  94  6:11  Widow Mine  
  94  6:20  Marauder x2  
  94  6:22  Marine  
  94  6:23  Marine  
  94  6:24  Supply Depot  
  101  6:25  SCV x2  
  101  6:32  Supply Depot  
  102  6:37  Widow Mine, Medivac x2  
  102  6:38  Widow Mine  
  110  6:45  Marine x2  
  110  6:46  Supply Depot  
  116  6:47  Marauder x2  
  116  6:58  Concussive Shells, Supply Depot  
  116  7:00  SCV x2  
  118  7:02  Widow Mine  
  118  7:03  Widow Mine, Marine x2  
  124  7:13  Marauder x2  
  128  7:21  SCV x2, Marine x2  
  117  7:34  Marauder x2  
  117  7:36  SCV  
  118  7:37  SCV  
Tags
 
Add a new tag
Caveats
  • Supply blocks, unpowered buildings, or Contaminate may cause inaccurate times.
  • Supply counts are checked every 10 seconds.